[Event "NOR-ch Various 2019"]
[Site "Larvik"]
[Date "2019.07.10"]
[Round "6.16"]
[White "Gyldenas, Ole Jorn"]
[Black "Hansen, Svein E"]
[Result "1/2-1/2"]
[ECO "D79"]
[WhiteElo "1957"]
[BlackElo "2064"]
[Annotator "NA"]
[PlyCount "35"]
[EventDate "2019.07.06"]
[EventType "swiss"]
[EventCountry "NOR"]
[SourceTitle "playchess.com"]
[Source "ChessBase"]
[SourceQuality "1"]
[TimeControl "40/5400+30:1800+30"]

1. Nf3 Nf6 2. d4 g6 3. g3 Bg7 4. Bg2 d5 5. O-O O-O 6. c4 c6 7. cxd5 cxd5 8. Nc3 Nc6 9. Bf4 Qb6 10. Na4 Qb5 11. Rc1 Ne4 12. h3 Bd7 13. b3 Rac8 14. Nc5 Nxc5 15. Rxc5 Qb4 16. Rxd5 Be6 17. Rc5 Nxd4 18. Rxc8 1/2-1/2

[Event "NOR-ch Various 2019"]
[Site "Larvik"]
[Date "2019.07.10"]
[Round "6.17"]
[White "Heier, Odin Nikolai"]
[Black "Kizatbay, Abyl"]
[Result "0-1"]
[ECO "A48"]
[WhiteElo "1863"]
[BlackElo "2216"]
[Annotator "NA"]
[PlyCount "154"]
[EventDate "2019.07.06"]
[EventType "swiss"]
[EventCountry "NOR"]
[SourceTitle "playchess.com"]
[Source "ChessBase"]
[SourceQuality "1"]
[TimeControl "40/5400+30:1800+30"]

1. d4 Nf6 2. Bf4 g6 3. Nf3 Bg7 4. e3 d6 5. Be2 Nh5 6. Bg5 h6 7. Bh4 g5 8. Nfd2 Nf4 9. exf4 gxh4 10. Nf3 h3 11. g3 c5 12. Nc3 cxd4 13. Nxd4 Nc6 14. Nb3 a5 15. a4 O-O 16. Bg4 Nb4 17. f5 Qc7 18. O-O Bxc3 19. bxc3 Qxc3 20. Nd4 Nc6 21. Ne2 Qf6 22. Bxh3 Bxf5 23. Bg2 Rac8 24. Qd2 Bg4 25. Rfc1 Ne5 26. Nd4 Kg7 27. Bxb7 Rc4 28. c3 Rb8 29. Bg2 Bh3 30. Bh1 Ng4 31. Nf3 Rbc8 32. Ra3 e5 33. Ne1 e4 34. Bg2 Bxg2 35. Nxg2 Ne5 36. Kh1 Qf3 37. Qe3 Nd3 38. Rf1 Qxe3 39. Nxe3 Rxc3 40. Rxc3 Rxc3 41. Nf5+ Kg6 42. Nxd6 f5 43. Nb7 Rc2 44. Kg1 Ra2 45. Nxa5 Rxa4 46. Nb3 Rc4 47. Nd2 Rc2 48. Nb3 Kf6 49. Nd4 Rb2 50. Nc6 Ra2 51. Nd4 Ke5 52. Nc6+ Kd5 53. Ne7+ Ke6 54. Ng6 Kf6 55. Nh4 Kg5 56. Ng2 Re2 57. Ne3 f4 58. gxf4+ Kxf4 59. Nd1 Kf3 60. Nc3 Rxf2 61. Rd1 Rg2+ 62. Kf1 Rxh2 63. Kg1 Rg2+ 64. Kf1 Rf2+ 65. Kg1 Nf4 66. Kh1 e3 67. Rd8 Rc2 68. Nb5 Kf2 69. Re8 e2 70. Nd4 Rc1+ 71. Kh2 e1=Q 72. Rxe1 Rxe1 73. Nf5 Re8 74. Ng7 Rg8 75. Nf5 Rg2+ 76. Kh1 Nh5 77. Ne3 Ng3# 0-1

[Event "NOR-ch Various 2019"]
[Site "Larvik"]
[Date "2019.07.10"]
[Round "6.18"]
[White "Sebastian, Andreas"]
[Black "Melaa, Sondre"]
[Result "0-1"]
[ECO "D02"]
[WhiteElo "1911"]
[BlackElo "2118"]
[Annotator "NA"]
[PlyCount "82"]
[EventDate "2019.07.06"]
[EventType "swiss"]
[EventCountry "NOR"]
[SourceTitle "playchess.com"]
[Source "ChessBase"]
[SourceQuality "1"]
[TimeControl "40/5400+30:1800+30"]

1. d4 d5 2. Bf4 Nf6 3. e3 e6 4. Bd3 Bd6 5. Nf3 Bxf4 6. exf4 c5 7. dxc5 Qa5+ 8. c3 Qxc5 9. O-O O-O 10. Nbd2 Nc6 11. Re1 a5 12. a4 b6 13. Qe2 Bb7 14. Ne5 Rad8 15. Rad1 g6 16. Bb1 Kg7 17. Nb3 Qe7 18. Qe3 Nxe5 19. Qxe5 Rc8 20. Nd4 Kg8 21. f5 Nd7 22. Qg3 e5 23. fxg6 fxg6 24. Bf5 e4 25. Be6+ Kh8 26. Bxd7 Qxd7 27. Qe5+ Kg8 28. Nb5 Bc6 29. Nd6 Rcd8 30. Nxe4 Qf7 31. Ng5 Qxf2+ 32. Kh1 Rde8 33. Ne6 Rf6 34. Qd4 Bxa4 35. Qxf2 Rxf2 36. Ng5 Rxe1+ 37. Rxe1 Rxb2 38. h4 h6 39. Ne6 Bc2 40. Rf1 Bf5 41. Nf4 Be4 0-1

[Event "NOR-ch Various 2019"]
[Site "Larvik"]
[Date "2019.07.10"]
[Round "6.19"]
[White "Opseth, Oliver"]
[Black "Sjoberg, Isak"]
[Result "1/2-1/2"]
[ECO "D00"]
[WhiteElo "1714"]
[BlackElo "2182"]
[Annotator "NA"]
[PlyCount "75"]
[EventDate "2019.07.06"]
[EventType "swiss"]
[EventCountry "NOR"]
[SourceTitle "playchess.com"]
[Source "ChessBase"]
[SourceQuality "1"]
[TimeControl "40/5400+30:1800+30"]

1. d4 Nf6 2. Bf4 g6 3. Nf3 Bg7 4. Nc3 d5 5. Qd2 O-O 6. O-O-O c5 7. dxc5 Nbd7 8. Nxd5 e5 9. Bg5 e4 10. Ne5 Qe8 11. Nxd7 Nxd7 12. Be7 Ne5 13. Bxf8 Qxf8 14. Nc7 Rb8 15. Qd8 Nd3+ 16. Rxd3 exd3 17. Qxf8+ Bxf8 18. exd3 Bxc5 19. f3 Bd7 20. c3 Be3+ 21. Kc2 Ba4+ 22. b3 Bc6 23. d4 a6 24. d5 Bd7 25. d6 Bc6 26. Bc4 Bf4 27. Nd5 Bxd6 28. Rd1 Kg7 29. h3 b5 30. Bf1 Bg3 31. c4 b4 32. Rd2 a5 33. Ne7 Be8 34. Nd5 Bc6 35. Ne7 Be8 36. Nd5 Bc6 37. Ne7 Be8 38. Nd5 1/2-1/2

[Event "NOR-ch Various 2019"]
[Site "Larvik"]
[Date "2019.07.10"]
[Round "6.20"]
[White "Nordquelle, Daniel"]
[Black "Nielsen, Andre"]
[Result "1-0"]
[ECO "C54"]
[WhiteElo "2181"]
[BlackElo "2229"]
[Annotator "NA"]
[PlyCount "93"]
[EventDate "2019.07.06"]
[EventType "swiss"]
[EventCountry "NOR"]
[SourceTitle "playchess.com"]
[Source "ChessBase"]
[SourceQuality "1"]
[TimeControl "40/5400+30:1800+30"]

1. e4 e5 2. Nf3 Nc6 3. Bc4 Nf6 4. d3 Bc5 5. O-O a6 6. c3 d6 7. Nbd2 Ba7 8. a4 O-O 9. h3 Ne7 10. Ba2 Ng6 11. d4 Re8 12. d5 Nh5 13. Nc4 Nhf4 14. Be3 Nh4 15. Nxh4 Qxh4 16. Qf3 g5 17. Kh2 g4 18. Qg3 Qf6 19. f3 Nh5 20. fxg4 Nxg3 21. Rxf6 Nxe4 22. Rff1 b5 23. axb5 Bxe3 24. Nxe3 axb5 25. Bb3 Rxa1 26. Rxa1 Bb7 27. Ra5 Nc5 28. Rxb5 Ba6 29. Rb4 Nd3 30. Ra4 Nc5 31. Ra2 Bd3 32. Bd1 Rb8 33. b4 Ne4 34. Ra3 Nd2 35. Ra7 Nc4 36. Nf5 Bxf5 37. gxf5 Ne3 38. Bf3 Re8 39. Rxc7 e4 40. Bh5 Rf8 41. c4 Nxf5 42. b5 e3 43. b6 Ng7 44. Be2 Ne8 45. Rc8 Nf6 46. b7 Nd7 47. Kg3 1-0

[Event "NOR-ch Various 2019"]
[Site "Larvik"]
[Date "2019.07.10"]
[Round "6.21"]
[White "Bruaset, Eivind"]
[Black "Kjaras, Alf Marius"]
[Result "1-0"]
[ECO "B98"]
[WhiteElo "2074"]
[BlackElo "1860"]
[Annotator "NA"]
[PlyCount "29"]
[EventDate "2019.07.06"]
[EventType "swiss"]
[EventCountry "NOR"]
[SourceTitle "playchess.com"]
[Source "ChessBase"]
[SourceQuality "1"]
[TimeControl "40/5400+30:1800+30"]

1. e4 c5 2. Nf3 d6 3. d4 cxd4 4. Nxd4 Nf6 5. Nc3 a6 6. Bg5 e6 7. f4 Be7 8. Qf3 Nc6 9. O-O-O Nxd4 10. Rxd4 Qb6 11. Rd2 h6 12. Bh4 Nxe4 13. Nxe4 Bxh4 14. Nxd6+ Kf8 15. Qh5 1-0

[Event "NOR-ch Various 2019"]
[Site "Larvik"]
[Date "2019.07.10"]
[Round "6.22"]
[White "Evenshaug, Amadeus Hestvik"]
[Black "Tunsjo, Axel"]
[Result "0-1"]
[ECO "B47"]
[WhiteElo "1769"]
[BlackElo "2039"]
[Annotator "NA"]
[PlyCount "92"]
[EventDate "2019.07.06"]
[EventType "swiss"]
[EventCountry "NOR"]
[SourceTitle "playchess.com"]
[Source "ChessBase"]
[SourceQuality "1"]
[TimeControl "40/5400+30:1800+30"]

1. e4 c5 2. Nf3 e6 3. Nc3 Nc6 4. d4 cxd4 5. Nxd4 Qc7 6. g3 a6 7. Bg2 Nf6 8. O-O Be7 9. Nb3 d6 10. Re1 b5 11. a3 Bb7 12. Be3 Ne5 13. Nd2 O-O 14. f4 Neg4 15. Kh1 Nxe3 16. Rxe3 Rfd8 17. Nb3 Rac8 18. Qe2 d5 19. exd5 Nxd5 20. Rd3 Qc4 21. Bxd5 Bxd5+ 22. Kg1 Bf6 23. Nd2 Qc5+ 24. Qf2 Bxc3 25. Qxc5 Rxc5 26. bxc3 Rdc8 27. Nb1 a5 28. h4 h5 29. Kf2 a4 30. Ke3 Kf8 31. Kd2 Bc4 32. Rd4 e5 33. Re4 Rd8+ 34. Ke1 Rcd5 35. Rxe5 Rd1+ 36. Kf2 Rf1+ 37. Kg2 Rdd1 38. Rxh5 Rxb1 39. Rxb1 Rxb1 40. Kf2 Ra1 41. Ke3 Rxa3 42. Kd4 Ra1 43. Rh8+ Ke7 44. f5 a3 45. Rg8 a2 46. Kc5 Rd1 0-1

[Event "NOR-ch Various 2019"]
[Site "Larvik"]
[Date "2019.07.10"]
[Round "6.23"]
[White "Austad, Eirik"]
[Black "Ihlen, Sivert"]
[Result "1/2-1/2"]
[ECO "A28"]
[WhiteElo "1741"]
[BlackElo "1580"]
[Annotator "NA"]
[PlyCount "62"]
[EventDate "2019.07.06"]
[EventType "swiss"]
[EventCountry "NOR"]
[SourceTitle "playchess.com"]
[Source "ChessBase"]
[SourceQuality "1"]
[TimeControl "40/5400+30:1800+30"]

1. c4 e5 2. Nc3 Nf6 3. a3 d5 4. cxd5 Nxd5 5. Qc2 Nc6 6. Nf3 Be7 7. e3 O-O 8. Be2 a5 9. d3 Be6 10. O-O Nb6 11. b3 Bf6 12. Ne4 Bf5 13. Nfd2 Be7 14. Bb2 f6 15. Rfd1 Qe8 16. Ng3 Bg6 17. Nf3 Rd8 18. e4 Rd6 19. Nh4 Qd8 20. Nhf5 Rd7 21. Bg4 Bf7 22. Ne3 Rd6 23. Ngf5 Rd7 24. Nc4 Nxc4 25. bxc4 Bc5 26. Ne3 Rd6 27. Nf5 Rd7 28. Qb3 b6 29. Rd2 Kh8 30. Ne3 Rd6 31. Nf5 Rd7 1/2-1/2

[Event "NOR-ch Various 2019"]
[Site "Larvik"]
[Date "2019.07.10"]
[Round "6.24"]
[White "Brattgjerd, Isak Vinh"]
[Black "Olsen, William Alexander"]
[Result "0-1"]
[ECO "A47"]
[WhiteElo "1571"]
[BlackElo "1764"]
[Annotator "NA"]
[PlyCount "106"]
[EventDate "2019.07.06"]
[EventType "swiss"]
[EventCountry "NOR"]
[SourceTitle "playchess.com"]
[Source "ChessBase"]
[SourceQuality "1"]
[TimeControl "40/5400+30:1800+30"]

1. d4 Nf6 2. Bf4 b6 3. e3 Bb7 4. Nf3 e6 5. Nbd2 d6 6. h3 Be7 7. c3 Nbd7 8. Bh2 c5 9. Bb5 O-O 10. O-O a6 11. Ba4 b5 12. Bc2 Qb6 13. a3 Rad8 14. Qe2 Rfe8 15. Rac1 Bf8 16. Rfd1 e5 17. dxe5 dxe5 18. Nf1 Bd6 19. Rd2 c4 20. Rcd1 Nc5 21. Ne1 Nfe4 22. Bxe4 Bxe4 23. Ng3 Bg6 24. e4 f6 25. Kh1 Nb3 26. Rc2 Bc5 27. f3 Rxd1 28. Qxd1 Rd8 29. Qe2 Qd6 30. Bg1 Qd1 31. Bxc5 Nxc5 32. Kh2 h5 33. Nf1 f5 34. Qe3 fxe4 35. Qxc5 Qxe1 36. Qb6 Qd1 37. Rd2 Rxd2 38. Nxd2 Qxd2 39. Qxg6 Qf4+ 40. Qg3 exf3 41. gxf3 Qd2+ 42. Kh1 Qc1+ 43. Kh2 Qxb2+ 44. Kg1 Qc1+ 45. Kg2 Qc2+ 46. Kg1 Qxc3 47. Qg6 Qxf3 48. Qe8+ Kh7 49. Qxe5 c3 50. Qc5 Qxh3 51. Qe5 Qg4+ 52. Kh2 c2 53. Qe1 Qf4+ 0-1

[Event "NOR-ch Various 2019"]
[Site "Larvik"]
[Date "2019.07.10"]
[Round "6.25"]
[White "Stromhaug, Kristoffer Wang"]
[Black "Helliesen, Lykke-Merlot"]
[Result "1-0"]
[ECO "C46"]
[WhiteElo "1566"]
[BlackElo "1505"]
[Annotator "NA"]
[PlyCount "67"]
[EventDate "2019.07.06"]
[EventType "swiss"]
[EventCountry "NOR"]
[SourceTitle "playchess.com"]
[Source "ChessBase"]
[SourceQuality "1"]
[TimeControl "40/5400+30:1800+30"]

1. e4 e5 2. Nf3 Nc6 3. Nc3 Bc5 4. a3 d6 5. b4 Bb6 6. Bc4 Bg4 7. h3 Bh5 8. Nd5 Nf6 9. d3 Nd4 10. Bg5 h6 11. Bxf6 Nxf3+ 12. gxf3 gxf6 13. Rg1 c6 14. Ne3 Bd4 15. Rb1 Bg6 16. Qd2 Bxe3 17. fxe3 f5 18. Qf2 Qe7 19. Kd2 O-O-O 20. exf5 Bxf5 21. e4 Bxh3 22. Qxa7 Qc7 23. b5 b6 24. Qa8+ Kd7 25. bxc6+ Ke7 26. Qb7 Rc8 27. Qxc7+ Rxc7 28. Rxb6 Kd8 29. Ba6 Bc8 30. Bxc8 Kxc8 31. Rgb1 Kd8 32. Rb8+ Rc8 33. R1b7 f6 34. Rd7+ 1-0

[Event "NOR-ch Various 2019"]
[Site "Larvik"]
[Date "2019.07.10"]
[Round "6.26"]
[White "Schouten, Mathias Lind"]
[Black "Fuglestein, Sander"]
[Result "0-1"]
[ECO "B13"]
[WhiteElo "1961"]
[BlackElo "1997"]
[Annotator "NA"]
[PlyCount "72"]
[EventDate "2019.07.06"]
[EventType "swiss"]
[EventCountry "NOR"]
[SourceTitle "playchess.com"]
[Source "ChessBase"]
[SourceQuality "1"]
[TimeControl "40/5400+30:1800+30"]

1. e4 c6 2. d4 d5 3. exd5 cxd5 4. Bf4 Nc6 5. c3 Bf5 6. Nf3 e6 7. Qb3 Qd7 8. Bb5 Nge7 9. O-O Ng6 10. Bg3 Bd6 11. Re1 O-O 12. Nbd2 a6 13. Bf1 b5 14. a3 Rfc8 15. Qd1 Na5 16. b4 Nc4 17. Bxc4 bxc4 18. Ne5 Bxe5 19. Bxe5 Nxe5 20. Rxe5 a5 21. g4 Bg6 22. f4 f6 23. Re3 Qd6 24. Rf3 e5 25. f5 Bf7 26. Nf1 axb4 27. cxb4 Qb6 28. Kg2 exd4 29. a4 d3 30. Qd2 Qd4 31. Rc1 Re8 32. Ne3 Rxa4 33. b5 Raa8 34. Kf1 Rab8 35. Nc2 Qxg4 36. Ne3 Qxf3+ 0-1

[Event "NOR-ch Various 2019"]
[Site "Larvik"]
[Date "2019.07.10"]
[Round "6.27"]
[White "Grave, Jacob Templen"]
[Black "Tenold, Andreas"]
[Result "1-0"]
[ECO "E47"]
[WhiteElo "1800"]
[BlackElo "1813"]
[Annotator "NA"]
[PlyCount "103"]
[EventDate "2019.07.06"]
[EventType "swiss"]
[EventCountry "NOR"]
[SourceTitle "playchess.com"]
[Source "ChessBase"]
[SourceQuality "1"]
[TimeControl "40/5400+30:1800+30"]

1. d4 Nf6 2. c4 e6 3. Nc3 Bb4 4. e3 O-O 5. Bd3 d5 6. a3 Bxc3+ 7. bxc3 b6 8. cxd5 exd5 9. Ne2 Bb7 10. O-O Nbd7 11. a4 c5 12. Ng3 Ne4 13. Nxe4 dxe4 14. Be2 Qc7 15. f3 Nf6 16. Ba3 Rfe8 17. Qd2 exf3 18. Bxf3 Rac8 19. Rac1 Ba6 20. Rfe1 Ne4 21. Qc2 Ng5 22. d5 Nxf3+ 23. gxf3 Bc4 24. e4 Qf4 25. Qf2 f5 26. Qg3 Qd2 27. Qg2 Qxg2+ 28. Kxg2 Re5 29. Rcd1 Bb3 30. Rd2 Bxa4 31. c4 Bb3 32. Bb2 Re7 33. d6 Re6 34. e5 Bxc4 35. Bc3 Bb5 36. Kg3 g6 37. Rb2 Bc6 38. Ra1 b5 39. Rba2 b4 40. Bb2 c4 41. Bd4 c3 42. Rxa7 c2 43. f4 b3 44. Bb2 h5 45. Kf2 Be4 46. Ke3 Bd5 47. Kd2 Be4 48. Kc1 Bc6 49. Bd4 Rb8 50. Rc7 Rb4 51. Rxc6 Rxd4 52. Ra8+ 1-0

[Event "NOR-ch Various 2019"]
[Site "Larvik"]
[Date "2019.07.10"]
[Round "6.28"]
[White "Brodtkorb, Lars Johan"]
[Black "Hobber, Anders"]
[Result "0-1"]
[ECO "D13"]
[WhiteElo "2077"]
[BlackElo "2294"]
[Annotator "NA"]
[PlyCount "94"]
[EventDate "2019.07.06"]
[EventType "swiss"]
[EventCountry "NOR"]
[SourceTitle "playchess.com"]
[Source "ChessBase"]
[SourceQuality "1"]
[TimeControl "40/5400+30:1800+30"]

1. d4 d5 2. c4 c6 3. cxd5 cxd5 4. Bf4 Nc6 5. e3 Nf6 6. Nc3 e6 7. Bd3 Be7 8. h3 O-O 9. Nf3 Bd7 10. O-O Rc8 11. Qe2 Qb6 12. Rfc1 Rfd8 13. Qd2 Na5 14. Ne5 Be8 15. Qe2 h6 16. g4 Nd7 17. Nf3 Nf6 18. Kg2 Nc4 19. Rab1 Qa5 20. Ne5 Nxe5 21. Bxe5 Nd7 22. Bg3 Nb6 23. h4 f6 24. f4 Nc4 25. Be1 Qb6 26. b3 Na3 27. Rb2 Bb4 28. Na4 Rxc1 29. Nxb6 Rxe1 30. Qf3 axb6 31. g5 fxg5 32. hxg5 h5 33. g6 Be7 34. Qxh5 Bf6 35. Qh3 Bd7 36. f5 exf5 37. Qg3 Rd1 38. Be2 Rc1 39. Qd6 Nc2 40. Qxd5+ Kh8 41. Kh2 Bc6 42. Qxf5 Rh1+ 43. Kg3 Nxe3 44. Qe6 Bh4+ 45. Kf4 Nd5+ 46. Ke5 Bf6+ 47. Ke4 Nc7+ 0-1

[Event "NOR-ch Various 2019"]
[Site "Larvik"]
[Date "2019.07.10"]
[Round "6.29"]
[White "Laverton, Christian"]
[Black "Andersen, Lars Even"]
[Result "0-1"]
[ECO "D12"]
[WhiteElo "2115"]
[BlackElo "2314"]
[Annotator "NA"]
[PlyCount "95"]
[EventDate "2019.07.06"]
[EventType "swiss"]
[EventCountry "NOR"]
[SourceTitle "playchess.com"]
[Source "ChessBase"]
[SourceQuality "1"]
[TimeControl "40/5400+30:1800+30"]

1. d4 Nf6 2. Nf3 d5 3. c4 c6 4. e3 Bf5 5. Nc3 e6 6. Nh4 Bg4 7. Qb3 Qb6 8. h3 Bh5 9. g4 Bg6 10. Nxg6 hxg6 11. Bg2 Na6 12. Bd2 O-O-O 13. cxd5 exd5 14. Qxb6 axb6 15. Rc1 Nc7 16. O-O Kb8 17. Rfd1 Ne6 18. f4 Nc7 19. Be1 Re8 20. Rd3 b5 21. g5 Ng8 22. a4 bxa4 23. Nxa4 Ne7 24. Nb6 Nf5 25. Nd7+ Kc8 26. Ne5 Nd6 27. Rb3 Be7 28. Ba5 Ncb5 29. Bf3 Bd8 30. Bg4+ Kb8 31. Nd7+ Kc8 32. Nf6+ Re6 33. Bxe6+ fxe6 34. Bxd8 Kxd8 35. Ng4 Rxh3 36. Kg2 Nxd4 37. Kxh3 Nxb3 38. Rc3 Nd2 39. Ne5 N2c4 40. Nxg6 Nxb2 41. Ne5 Nbc4 42. Nxc4 dxc4 43. Kg4 b5 44. Kf3 b4 45. Rc1 b3 46. Ke2 Ne4 47. Rd1+ Ke7 48. Ke1 0-1

[Event "NOR-ch Various 2019"]
[Site "Larvik"]
[Date "2019.07.10"]
[Round "6.30"]
[White "Hole, Oystein"]
[Black "Fossan, Aleksander"]
[Result "1/2-1/2"]
[ECO "B38"]
[WhiteElo "2293"]
[BlackElo "2155"]
[Annotator "NA"]
[PlyCount "51"]
[EventDate "2019.07.06"]
[EventType "swiss"]
[EventCountry "NOR"]
[SourceTitle "playchess.com"]
[Source "ChessBase"]
[SourceQuality "1"]
[TimeControl "40/5400+30:1800+30"]

1. Nf3 c5 2. c4 g6 3. e4 Nc6 4. d4 cxd4 5. Nxd4 Bg7 6. Be3 d6 7. Nc3 Nf6 8. Be2 O-O 9. Qd2 Bd7 10. f3 Nxd4 11. Bxd4 a5 12. O-O Bc6 13. b3 Nd7 14. Bf2 Nc5 15. Rac1 Qb6 16. Rc2 Rfc8 17. Rb1 Qd8 18. a3 h5 19. b4 axb4 20. axb4 Na4 21. Nxa4 Rxa4 22. Ra2 Bc3 23. Qc2 Rxb4 24. Rd1 Bg7 25. Be1 Qb6+ 26. Bf2 1/2-1/2

[Event "NOR-ch Various 2019"]
[Site "Larvik"]
[Date "2019.07.10"]
[Round "6.31"]
[White "Martinsen, Stig K"]
[Black "Demac, Elias"]
[Result "1/2-1/2"]
[ECO "D23"]
[WhiteElo "2177"]
[BlackElo "2215"]
[Annotator "NA"]
[PlyCount "82"]
[EventDate "2019.07.06"]
[EventType "swiss"]
[EventCountry "NOR"]
[SourceTitle "playchess.com"]
[Source "ChessBase"]
[SourceQuality "1"]
[TimeControl "40/5400+30:1800+30"]

1. d4 d5 2. c4 c6 3. Nf3 Nf6 4. Qb3 dxc4 5. Qxc4 Bg4 6. Nbd2 Nbd7 7. g3 e6 8. Bg2 Be7 9. O-O O-O 10. b3 Qa5 11. h3 Bh5 12. Bb2 Rac8 13. a3 c5 14. dxc5 Rxc5 15. Qd3 Bg6 16. e4 Rc7 17. b4 Qa4 18. Rfc1 Rfc8 19. Rxc7 Rxc7 20. Nd4 Nb6 21. N4b3 Qd7 22. Qxd7 Nfxd7 23. Rc1 Rxc1+ 24. Nxc1 e5 25. Nd3 f6 26. f4 Bd6 27. Kf2 Bf7 28. Ke3 Kf8 29. Bf3 Ke7 30. Bd1 Nc4+ 31. Nxc4 Bxc4 32. Bc2 exf4+ 33. gxf4 g5 34. fxg5 fxg5 35. Bd1 Bxd3 36. Kxd3 Be5 37. Bc1 Bf4 38. Bb2 Kd6 39. Kc4 Be5 40. Bc1 h6 41. Be3 a6 1/2-1/2

[Event "NOR-ch Various 2019"]
[Site "Larvik"]
[Date "2019.07.10"]
[Round "6.32"]
[White "Holleland, Sigve"]
[Black "Lund, Gunnar"]
[Result "1-0"]
[ECO "B09"]
[WhiteElo "2092"]
[BlackElo "2285"]
[Annotator "NA"]
[PlyCount "119"]
[EventDate "2019.07.06"]
[EventType "swiss"]
[EventCountry "NOR"]
[SourceTitle "playchess.com"]
[Source "ChessBase"]
[SourceQuality "1"]
[TimeControl "40/5400+30:1800+30"]

1. d4 d6 2. e4 g6 3. f4 Bg7 4. Nc3 Nf6 5. Nf3 c5 6. e5 Ng4 7. dxc5 O-O 8. h3 Nh6 9. cxd6 exd6 10. Qxd6 Qxd6 11. exd6 Nf5 12. Nd5 Nc6 13. Bb5 Bd7 14. O-O Nxd6 15. Bxc6 Bxc6 16. Ne7+ Kh8 17. Nxc6 bxc6 18. Rd1 Nc4 19. Rb1 Rad8 20. Rd3 Rfe8 21. Kf2 Nd6 22. Nd2 c5 23. b3 Bd4+ 24. Kf1 Be3 25. Nf3 Nf5 26. g4 Rxd3 27. cxd3 Nd4 28. Ne5 f6 29. Bxe3 fxe5 30. Bxd4 cxd4 31. Re1 Rf8 32. Rxe5 Rxf4+ 33. Ke2 Rf7 34. Re4 Rd7 35. Kf3 Kg7 36. Rf4 g5 37. Rf5 Kg6 38. Ke4 h5 39. Rd5 Rf7 40. Rd6+ Kh7 41. gxh5 Rf4+ 42. Ke5 Rh4 43. Rxd4 Rxh3 44. Rd6 Rxh5 45. Kf5 Rh2 46. Ra6 Rd2 47. Kxg5 Rxd3 48. Rxa7+ Kg8 49. Kf6 Rd6+ 50. Ke5 Rd2 51. b4 Kf8 52. b5 Ke8 53. a4 Kd8 54. Rh7 Kc8 55. a5 Kb8 56. b6 Rd8 57. Ke6 Ka8 58. Rd7 Re8+ 59. Kd6 Rh8 60. Kc6 1-0

[Event "NOR-ch Various 2019"]
[Site "Larvik"]
[Date "2019.07.10"]
[Round "6.33"]
[White "Abdrlauf, Elham"]
[Black "Grover, Sigurd Loe"]
[Result "1-0"]
[ECO "D34"]
[WhiteElo "2235"]
[BlackElo "2052"]
[Annotator "NA"]
[PlyCount "83"]
[EventDate "2019.07.06"]
[EventType "swiss"]
[EventCountry "NOR"]
[SourceTitle "playchess.com"]
[Source "ChessBase"]
[SourceQuality "1"]
[TimeControl "40/5400+30:1800+30"]

1. c4 e6 2. d4 d5 3. Nc3 c5 4. cxd5 exd5 5. Nf3 Nc6 6. g3 Nf6 7. Bg2 Be7 8. O-O O-O 9. dxc5 Bxc5 10. Bg5 d4 11. Bxf6 Qxf6 12. Ne4 Qe7 13. Nxc5 Qxc5 14. Qd2 Bg4 15. Rac1 Qb6 16. h3 Bh5 17. b3 Rfe8 18. Rfd1 Rad8 19. g4 Bg6 20. Nh4 Qb5 21. Nxg6 hxg6 22. Rc4 Qe5 23. Bf3 Qe7 24. Kg2 a5 25. Qf4 Rd6 26. Rd2 Red8 27. Rdc2 d3 28. Rd2 Rd4 29. Rxd4 Rxd4 30. Qe3 Qxe3 31. fxe3 dxe2 32. Rxe2 Rb4 33. Rc2 Ne5 34. Bd5 Rb5 35. e4 b6 36. Rc8+ Kh7 37. a4 Rc5 38. Rb8 Rc2+ 39. Kf1 Rd2 40. Ba8 Kh6 41. h4 Nxg4 42. Rh8# {[%emt 0:00:04] Ne5 Rb8} 1-0

[Event "NOR-ch Various 2019"]
[Site "Larvik"]
[Date "2019.07.10"]
[Round "6.34"]
[White "Aulin-Jansson, Joran"]
[Black "Skotheim, Andreas"]
[Result "1-0"]
[ECO "B23"]
[WhiteElo "2223"]
[BlackElo "2138"]
[Annotator "NA"]
[PlyCount "93"]
[EventDate "2019.07.06"]
[EventType "swiss"]
[EventCountry "NOR"]
[SourceTitle "playchess.com"]
[Source "ChessBase"]
[SourceQuality "1"]
[TimeControl "40/5400+30:1800+30"]

1. e4 c5 2. Nc3 e6 3. f4 Nc6 4. Nf3 a6 5. g3 d5 6. d3 Nf6 7. Bg2 Be7 8. O-O O-O 9. h3 Qc7 10. g4 dxe4 11. dxe4 Rd8 12. Qe1 Nd4 13. e5 Ne8 14. Qf2 Bd7 15. Be3 Bb5 16. Nxb5 axb5 17. c3 Nxf3+ 18. Qxf3 Rd7 19. a3 c4 20. Qf2 Rd3 21. Bb6 Qd7 22. Bd4 Rd8 23. Rad1 Rxd1 24. Rxd1 Nc7 25. Bxb7 Nd5 26. Bxd5 Qxd5 27. Qg2 Kf8 28. Qxd5 Rxd5 29. Kf2 Ke8 30. Ke3 Bc5 31. Ke4 Kd7 32. Ra1 Kc6 33. a4 b4 34. a5 Bxd4 35. cxd4 Rd7 36. a6 Ra7 37. f5 Kb6 38. fxe6 fxe6 39. d5 exd5+ 40. Kxd5 c3 41. bxc3 bxc3 42. Rc1 Rd7+ 43. Ke4 Rc7 44. e6 Kxa6 45. Ke5 Kb5 46. Kd6 Rc8 47. e7 1-0

[Event "NOR-ch Various 2019"]
[Site "Larvik"]
[Date "2019.07.10"]
[Round "6.35"]
[White "Hagesather, Ellen"]
[Black "Shehzad, Shazil"]
[Result "1-0"]
[ECO "B25"]
[WhiteElo "2193"]
[BlackElo "2088"]
[Annotator "NA"]
[PlyCount "77"]
[EventDate "2019.07.06"]
[EventType "swiss"]
[EventCountry "NOR"]
[SourceTitle "playchess.com"]
[Source "ChessBase"]
[SourceQuality "1"]
[TimeControl "40/5400+30:1800+30"]

1. e4 c5 2. d3 Nc6 3. g3 g6 4. Bg2 Bg7 5. f4 d6 6. Nf3 e6 7. Nc3 Nge7 8. O-O O-O 9. Rb1 Rb8 10. Bd2 b5 11. a3 a5 12. a4 b4 13. Nb5 f5 14. Be3 c4 15. exf5 Nxf5 16. Bf2 c3 17. Ng5 d5 18. bxc3 bxc3 19. Re1 Re8 20. Bc5 h6 21. Nf3 d4 22. Nh4 Qd7 23. Nxf5 gxf5 24. Nd6 Rd8 25. Nxc8 Rbxc8 26. Rb5 e5 27. fxe5 Nxe5 28. Bb6 Re8 29. h3 Qd6 30. Rf1 Qg6 31. Kh2 h5 32. Rf4 Bh6 33. Rh4 f4 34. gxf4 Ng4+ 35. hxg4 Bxf4+ 36. Kg1 Bg3 37. Bd5+ Kg7 38. Bxd4+ Be5 39. Rb7+ 1-0

[Event "NOR-ch Various 2019"]
[Site "Larvik"]
[Date "2019.07.10"]
[Round "6.36"]
[White "Kristiansen, Willy M"]
[Black "Thanke, Bror"]
[Result "1/2-1/2"]
[ECO "E69"]
[WhiteElo "2118"]
[BlackElo "2191"]
[Annotator "NA"]
[PlyCount "92"]
[EventDate "2019.07.06"]
[EventType "swiss"]
[EventCountry "NOR"]
[SourceTitle "playchess.com"]
[Source "ChessBase"]
[SourceQuality "1"]
[TimeControl "40/5400+30:1800+30"]

1. d4 Nf6 2. c4 d6 3. Nf3 g6 4. g3 Bg7 5. Bg2 O-O 6. O-O Nbd7 7. Nc3 e5 8. e4 a6 9. Re1 c6 10. h3 b5 11. cxb5 cxb5 12. Bg5 h6 13. Be3 Bb7 14. Nd2 Re8 15. d5 Rc8 16. a3 Nc5 17. Bf1 Nh7 18. f3 f5 19. Bf2 Rf8 20. Rc1 fxe4 21. fxe4 Qf6 22. Be3 Rf7 23. b4 Nd7 24. Bg2 Qe7 25. Nb3 Rcf8 26. Qe2 Ndf6 27. Rf1 Nh5 28. Rxf7 Qxf7 29. Kh2 Nf4 30. gxf4 exf4 31. Bd4 f3 32. Qxf3 Qxf3 33. Bxf3 Rxf3 34. Bxg7 Kxg7 35. Nd4 Rf7 36. Ne6+ Kg8 37. Rg1 g5 38. e5 dxe5 39. Nc5 Nf6 40. Rd1 Bc8 41. Re1 g4 42. hxg4 Nxg4+ 43. Kg3 Rg7 44. Kf3 Rf7+ 45. Kg3 Rg7 46. Kf3 Rf7+ 1/2-1/2